 Dungeon Crawl Stone Soup version 0.23.2-1-ga50397a6bc (webtiles) character file.

Game seed: 8465182893430866763

3814 Morbidden the Grappler (level 9, -2/88 HPs)
             Began as a Troll Gladiator on May 12, 2019.
             Was a Priest of Cheibriados.
             Shot with an arrow by a centaur warrior (17 damage)
             ... on level 9 of the Dungeon.
             The game lasted 00:13:09 (6849 turns).

Morbidden the Grappler (Troll Gladiator)            Turns: 6849, Time: 00:13:10

Health: -2/88      AC:  8    Str: 32    XL:     9   Next: 97%
Magic:  10/10      EV: 14    Int: 15    God:    Cheibriados [***...]
Gold:   390        SH:  0    Dex: 19    Spells: 8/8 levels left

rFire    . . .     SeeInvis .     - Unarmed
rCold    + . .     Gourm    +   (no shield)
rNeg     . . .     Faith    .   a - +0 robe
rPois    .         Spirit   .   b - +0 hat
rElec    .         Reflect  .   (no cloak)
rCorr    .         Harm     .   (gloves unavailable)
MR       .....                  (boots unavailable)
Stlth    ++........             (no amulet)
HPRegen  0.64/turn              h - +2 ring of protection
MPRegen  0.12/turn              B - ring of protection from cold

@: lethally poisoned (-2 -> -2), studying Axes, very slow
A: large, unfitting armour, claws 3, fast metabolism 3, gourmand, regeneration
1, shaggy fur 1, tough skin 3
a: Bend Time, Temporal Distortion, Renounce Religion


You were on level 9 of the Dungeon.
You worshipped Cheibriados.
Cheibriados was most pleased with you.
You were not hungry.

You visited 2 branches of the dungeon, and saw 10 of its levels.

You collected 390 gold pieces.

Inventory:

Missiles
 c - 5 throwing nets (quivered)
Armour
 a - a +0 robe (worn)
 b - a +0 hat (worn)
Jewellery
 h - a +2 ring of protection (left claw)
 t - a +2 ring of intelligence
 B - a ring of protection from cold (right claw)
 H - an uncursed ring of flight
Wands
 v - a wand of digging (4)
 G - a wand of paralysis (9)
Scrolls
 e - 9 scrolls of teleportation
 f - 8 scrolls of identify
 i - a scroll of magic mapping
 k - 3 scrolls of enchant armour
 l - 3 scrolls of fear
 m - 3 scrolls of amnesia {unknown}
 r - 6 scrolls of remove curse
 u - a scroll of noise
 w - a scroll of enchant weapon {unknown}
 x - 2 scrolls of random uselessness {unknown}
 D - 2 scrolls of immolation {unknown}
 E - a scroll of brand weapon {unknown}
Potions
 g - 2 potions of mutation
 j - 2 potions of flight {unknown}
 n - 2 potions of heal wounds {unknown}
 o - 2 potions of brilliance {unknown}
 p - 2 potions of curing {unknown}
 q - 2 potions of invisibility
 s - 2 potions of degeneration {unknown}
 z - a potion of magic {unknown}
 A - a potion of lignification {unknown}
 C - 3 potions of haste {unknown}
Books
 y - a manual of Axes
Comestibles
 d - 26 rations


   Skills:
 * Level 5.0 Fighting
 + Level 2.0 Throwing
 * Level 6.4 Dodging
 + Level 1.8 Stealth
 + Level 9.8 Unarmed Combat
 + Level 0.3 Spellcasting
 * Level 3.8 Invocations


You had 8 spell levels left.
You didn't know any spells.
Your spell library was empty.

Dungeon Overview and Level Annotations

Branches:
Dungeon (9/15)             Temple (1/1) D:4            Lair (0/6) D:9
    Orc: D:9-12

Altars:
Ashenzari
Cheibriados
Dithmenos
Elyvilon
Fedhas
Gozag
Hepliaklqana
Kikubaaqudgha
Makhleb
Nemelex Xobeh
Okawaru
Qazlal
Ru
Sif Muna
Trog
Uskayaw
Vehumet
Wu Jian
Xom
Yredelemnul
Zin
The Shining One

Annotations:
D:3 1 runed translucent door
D:6 2 transporters
D:8 3 runed translucent doors, Morbidden's ghost, novice TeAE


Innate Abilities, Weirdness & Mutations

You are too large for most types of armour.
You have claws for hands.
Your metabolism is lightning-fast.
You like to eat raw meat.
Your natural rate of healing is unusually fast.
You are covered in fur. (AC +1)
You have extremely tough skin. (AC +3)


Message History

The arrow barely misses you.
You mangle the wyvern skeleton!!
The wyvern skeleton is severely damaged.
The wyvern skeleton bites you but does no damage.
You scratch the wyvern skeleton but do no damage.
The wyvern skeleton is severely damaged.
The wyvern skeleton closely misses you.
You claw the wyvern skeleton!
You destroy the wyvern skeleton!
Cheibriados appreciates the change of pace.
Cheibriados raises the support of your attributes as your movement slows.
The centaur warrior shoots an arrow.
The arrow hits you!! The arrow burns you!
Unknown command.
You feel sick.
The centaur warrior shoots an arrow.
The arrow hits you!!
* * * LOW HITPOINT WARNING * * *
The arrow burns you!
* * * LOW HITPOINT WARNING * * *
The crimson imp blinks!
The centaur warrior shoots an arrow.
The arrow hits you!
You die...

+......)).....#
#....5........# ...
#.....##..######## ..$.
#.....##..##.##..#
.....##..(..##.........
.................)....
.....§....(%######..#
+####
.....#.J....##..##..##[...
.... #...(@.........#....#
... #...†..........+....#
.. ##.cy..##..##..##...# .
#.....##..##..##..#
........#..#...##..##
.........#..#........#
..........#..#........#
..........#..#....<...#
##+##+#######


You could see a centaur warrior, a jelly, a killer bee and a crimson imp.

Vanquished Creatures
  A moth of wrath (D:8)
  The ghost of Freyura the Ducker, an amateur GnMo (D:3)
  A hungry ghost (D:9)
  Eustachio (D:4)
  An ice beast (D:5)
  A black bear (D:6)
  2 orc warriors
  2 sky beasts (D:6)
  4 ogres
  5 centaurs
  A big kobold (D:4)
  2 bullfrogs
  A wyvern zombie (D:7)
  A wyvern skeleton (D:9)
  2 scorpions
  2 killer bees (D:9)
  3 wights (D:7)
  3 howler monkeys
  2 crimson imps
  A jelly (D:5)
  2 orc wizards
  4 orc priests
  4 hounds
  4 iguanas
  A bullfrog skeleton (D:3)
  4 worker ants
  Natasha (thrice) (D:4)
  A hound zombie (D:8)
  A hound skeleton (D:6)
  4 gnolls (D:2)
  A worker ant zombie (D:7)
  9 adders
  3 shadow imps
  An ooze (D:4)
  An adder skeleton (D:4)
  8 worms
  A dart slug (D:1)
  5 leopard geckos
  10 orcs
  5 giant cockroaches
  8 goblins
  9 hobgoblins
  13 jackals
  8 kobolds
  2 quokkas
  A ball python (D:2)
  10 bats
  5 frilled lizards
  A leopard gecko skeleton (D:6)
  A quokka zombie (D:6)
  12 rats
179 creatures vanquished.

Vanquished Creatures (others)
  A fungus (D:7)
1 creature vanquished.

Grand Total: 180 creatures vanquished

Notes
Turn   | Place    | Note
-------+----------+-------------------------------------------
     0 | D:1      | Morbidden the Troll Gladiator began the quest for the Orb.
     0 | D:1      | Reached XP level 1. HP: 19/19 MP: 0/0
   128 | D:1      | Reached XP level 2. HP: 28/28 MP: 1/1
   600 | D:1      | Reached XP level 3. HP: 35/35 MP: 2/2
   953 | D:2      | Reached XP level 4. HP: 37/44 MP: 3/3
  1043 | D:2      | Found a burning altar of Makhleb.
  1043 | D:2      | Found a deep blue altar of Sif Muna.
  1412 | D:3      | Found a runed translucent door.
  1413 | D:3      | Noticed Freyura's ghost (amateur GnMo)
  1429 | D:3      | Killed Freyura's ghost
  1429 | D:3      | Reached skill level 4 in Unarmed Combat
  1429 | D:3      | Reached XP level 5. HP: 36/52 MP: 4/4
  1435 | D:3      | Reached XP level 6. HP: 43/59 MP: 5/5
  1441 | D:3      | Found a runed translucent door.
  2197 | D:4      | Found a staircase to the Ecumenical Temple.
  2220 | D:4      | Reached skill level 5 in Unarmed Combat
  2331 | Temple   | Entered the Ecumenical Temple
  2442 | D:4      | Noticed Natasha
  2452 | D:4      | Killed Natasha
  2498 | D:4      | Reached XP level 7. HP: 66/67 MP: 6/6
  2520 | D:4      | Noticed Natasha
  2527 | D:4      | Killed Natasha
  2533 | D:4      | Found a sparkling altar of Nemelex Xobeh.
  2578 | D:4      | Reached skill level 6 in Unarmed Combat
  2684 | D:4      | Noticed Eustachio
  2696 | D:4      | Killed Eustachio
  2778 | D:4      | Found an iron altar of Okawaru.
  2893 | D:4      | Reached skill level 1 in Stealth
  2939 | D:4      | Noticed Natasha
  2955 | D:4      | Killed Natasha
  3062 | D:4      | Found a glowing silver altar of Zin.
  3248 | D:4      | Found a sparkling altar of Nemelex Xobeh.
  3307 | D:4      | Found a glowing silver altar of Zin.
  3326 | D:4      | Found an iron altar of Okawaru.
  3559 | D:4      | Found a staircase to the Ecumenical Temple.
  3764 | D:5      | Entered Level 5 of the Dungeon
  3782 | D:5      | Found a sacrificial altar of Ru.
  3805 | D:5      | Reached XP level 8. HP: 61/78 MP: 7/7
  3821 | D:5      | Found a snail-covered altar of Cheibriados.
  3859 | D:5      | Became a worshipper of Cheibriados the Contemplative
  3973 | D:5      | Found a snail-covered altar of Cheibriados.
  4064 | D:5      | Reached skill level 7 in Unarmed Combat
  4458 | D:6      | Reached skill level 1 in Invocations
  4488 | D:6      | Reached skill level 8 in Unarmed Combat
  4493 | D:6      | Reached * piety under Cheibriados
  4500 | D:6      | Reached skill level 5 in Dodging
  4851 | D:6      | Found a transporter.
  4862 | D:6      | Found a transporter.
  4923 | D:6      | Reached XP level 9. HP: 82/85 MP: 9/9
  5010 | D:6      | Found an ornate altar of the Wu Jian Council.
  5018 | D:6      | Found a hazy altar of Hepliaklqana.
  5216 | D:7      | Reached ** piety under Cheibriados
  5276 | D:7      | Found a blossoming altar of Fedhas.
  5281 | D:7      | Found a stormy altar of Qazlal.
  5337 | D:7      | Found an opulent altar of Gozag.
  5457 | D:7      | Reached skill level 9 in Unarmed Combat
  5575 | D:7      | Found a shadowy altar of Dithmenos.
  5580 | D:7      | Found a shimmering altar of Xom.
  5914 | D:8      | Found a runed translucent gate.
  5914 | D:8      | Found a runed translucent gate.
  5914 | D:8      | Found a runed translucent gate.
  5920 | D:8      | Noticed Morbidden's ghost (novice TeAE)
  5930 | D:8      | Noticed a moth of wrath
  5933 | D:8      | Found a bloodstained altar of Trog.
  5952 | D:8      | Killed a moth of wrath
  5952 | D:8      | Reached *** piety under Cheibriados
  6742 | D:9      | Found a staircase to the Lair.
  6826 | D:9      | Reached skill level 5 in Fighting
  6841 | D:9      | Noticed a centaur warrior
  6849 | D:9      | Shot with an arrow by a centaur warrior

Skill      XL: |  1  2  3  4  5  6  7  8  9 |
---------------+----------------------------+-----
Fighting       | 2 3 4 5 |  5.0
Throwing       | 2 |  2.0
Dodging        | 3 4 5 6 |  6.4
Unarmed Combat | 4 5 6 8 9 |  9.8
Stealth        | 1 |  1.8
Invocations    | 2 3 |  3.8
Spellcasting   | |  0.3

Action                   |  1- 3 |  4- 6 |  7- 9 || total
-------------------------+-------+-------+-------++-------
Melee: Unarmed           |   113 |   126 |   308 ||   547
       Punch             |     2 |     1 |    18 ||    21
Evoke: Wand              |       |       |     1 ||     1
  Use: Scroll            |       |     1 |     9 ||    10
       Potion            |       |     1 |       ||     1
 Stab: Sleeping          |     1 |       |     1 ||     2
       Distracted        |       |     1 |       ||     1
  Eat: Chunk             |    11 |     9 |    38 ||    58
       Ration            |       |       |     1 ||     1
Armor: Robe              |    66 |    46 |    89 ||   201
Dodge: Dodged            |    71 |    59 |   174 ||   304
